Map: Cerulean Fall LE

Players

Zest - Winner!

  • Race: Protoss Protoss
  • League: Master
  • Spawn Location: 1:00

Lambo

  • Race: Zerg Zerg
  • League: Master
  • Spawn Location: 7:00

Event: HomeStory Cup XVIII

VOD

Have the link to the VOD?

Description

Time

  • Played on: Nov. 23, 2018, 5:50 p.m.
  • Length: 11:07

All games in this series

Show
View Real Time Build Order
Export as new Build Order

Zest Protoss - Winner!

Build Orders: 1 Gate Expand, Oracle Opening, Archon Immortal, Archon Drop 

Get SALT Encoding   

  12  0:00  Probe  
  13  0:12  Probe  
  14  0:18  Pylon  
  14  0:24  Probe  
  15  0:33  Probe  
  15  0:39  Gateway  
  15  0:41  Probe  
  16  0:49  Assimilator  
  17  0:51  Probe  
  18  1:04  Probe  
  19  1:16  Probe  
  20  1:26  Cybernetics Core  
  20  1:36  Nexus  
  20  1:39  Probe  
  21  1:45  Pylon  
  21  1:52  Probe  
  21  1:53  Assimilator  
  22  1:55  Adept  
  22  2:04  Probe  
  25  2:13  Adept  
  25  2:16  Probe  
  28  2:28  Probe  
  29  2:30  Stargate  
  29  2:35  Stalker  
  31  2:48  Probe x2  
  31  2:49  Warp Gate  
  33  3:00  Probe x2  
  35  3:12  Probe x2  
  37  3:19  Oracle  
  36  3:24  Probe x2  
  38  3:33  Pylon  
  41  3:36  Probe x2  
  43  3:42  Assimilator  
  43  3:44  Assimilator  
  43  3:46  Oracle  
  44  3:48  Probe x2  
  45  3:56  Pylon  
  45  4:00  Probe  
  45  4:01  Probe  
  50  4:08  Shield Battery  
  50  4:10  Robotics Facility  
  50  4:12  Probe  
  50  4:13  Probe  
  52  4:21  Twilight Council  
  52  4:24  Probe  
  52  4:25  Probe  
  52  4:28  Pylon  
  54  4:35  Gateway  
  54  4:37  Gateway x2  
  54  4:44  Probe x2  
  56  4:49  Pylon, Warp Prism  
  58  5:02  Probe x2  
  58  5:03  Templar Archives  
  60  5:07  Zealot  
  60  5:10  Pylon  
  62  5:20  Pylon  
  62  5:30  Nexus  
  62  5:32  Observer  
  62  5:33  Pylon  
  62  5:36  Probe  
  62  5:37  Probe  
  62  5:38  Shield Battery  
  62  5:42  High Templar x4  
  73  5:45  Forge, Immortal  
  73  5:46  Archon x2  
  73  5:55  Probe x2  
  79  5:57  Charge  
  79  6:02  Pylon  
  79  6:13  Robotics Facility  
  79  6:19  Gateway  
  79  6:20  Gateway, Protoss Ground Weapons Level 1  
  79  6:24  Immortal  
  79  6:31  Probe x2  
  85  6:42  Probe  
  85  6:43  Probe x2  
  88  6:51  Pylon  
  88  6:53  Pylon  
  88  6:54  Probe  
  88  6:55  Sentry x3  
  88  6:56  Probe, Immortal  
  88  6:57  Probe  
  97  7:06  Probe, Assimilator  
  102  7:09  Probe, Immortal  
  102  7:12  Probe  
  104  7:17  Assimilator  
  104  7:18  Probe  
  104  7:21  Probe  
  104  7:22  Pylon  
  110  7:24  Probe  
  111  7:30  Probe  
  111  7:31  Photon Cannon  
  111  7:32  Shield Battery  
  111  7:33  Photon Cannon, Probe  
  111  7:35  Observer  
  111  7:37  Probe  
  114  7:43  Immortal  
  114  7:44  Immortal  
  122  7:55  Photon Cannon x2  
  122  8:01  High Templar x2, Zealot x2  
  130  8:06  Archon  
  130  8:08  Protoss Ground Weapons Level 2  
  130  8:18  Immortal x2  
  130  8:21  Zealot x4  
  146  8:33  Pylon  
  146  8:35  Pylon  
  146  8:39  Zealot  
  148  8:53  Zealot x5  
  118  9:03  Zealot  
  118  9:09  Immortal  
  94  9:10  Immortal  
  94  9:15  Zealot x5, Observer  
  94  9:27  Gateway  
  94  9:28  Gateway  
  94  9:30  Gateway  
  94  9:39  High Templar x6  
  94  9:40  Immortal  
  94  9:43  Immortal  
  106  9:45  Archon  
  106  9:46  Archon x2  
  114  9:55  Gateway  
  114  10:05  Pylon  
  114  10:09  Nexus  
  114  10:12  Pylon, Sentry  
  114  10:13  High Templar x2, Sentry x2  
  124  10:14  Zealot, Immortal  
  124  10:17  Archon, Immortal  
  130  10:26  Zealot  
  130  10:27  Zealot x2  
  140  10:31  Photon Cannon  
  140  10:49  Zealot x2  
  144  10:50  Zealot x6  
Show
View Real Time Build Order
Export as new Build Order

Lambo Zerg 

Build Orders: Hatch First 

Get SALT Encoding   

  12  0:00  Drone  
  13  0:12  Overlord  
  13  0:17  Drone  
  14  0:31  Drone  
  15  0:44  Hatchery  
  15  0:48  Drone  
  15  0:51  Drone  
  15  0:55  Drone  
  17  1:00  Drone  
  18  1:08  Extractor  
  17  1:16  Spawning Pool  
  16  1:19  Drone  
  16  1:23  Drone  
  18  1:32  Drone  
  19  1:42  Drone  
  20  1:57  Overlord  
  20  2:03  Queen x2  
  20  2:04  Zergling x4  
  26  2:09  Metabolic Boost  
  26  2:13  Drone  
  27  2:17  Drone  
  27  2:19  Drone  
  29  2:27  Drone  
  30  2:39  Hatchery  
  30  2:42  Zergling x2  
  30  2:43  Drone  
  31  2:50  Zergling x4  
  33  2:54  Overlord  
  33  2:59  Drone  
  33  3:03  Drone  
  35  3:09  Drone  
  35  3:13  Drone x2  
  35  3:18  Drone  
  36  3:22  Zergling x6  
  36  3:26  Zergling x2  
  38  3:35  Overlord, Spore Crawler  
  37  3:45  Overlord  
  37  3:50  Queen  
  37  3:51  Drone  
  37  3:52  Drone x2  
  37  3:54  Drone  
  43  3:56  Queen  
  43  3:57  Drone x3  
  43  4:01  Drone  
  48  4:06  Drone x2  
  48  4:07  Spore Crawler  
  49  4:13  Drone  
  49  4:14  Drone x2  
  49  4:16  Drone x2  
  53  4:18  Drone  
  53  4:25  Drone x3  
  53  4:27  Roach Warren  
  53  4:28  Drone x2  
  57  4:35  Overlord  
  57  4:38  Drone  
  58  4:44  Lair  
  58  4:45  Extractor  
  58  4:47  Extractor, Drone  
  58  4:48  Drone  
  57  4:57  Drone x8  
  59  5:00  Drone  
  59  5:04  Drone x2  
  59  5:05  Drone  
  59  5:06  Drone  
  64  5:08  Drone  
  64  5:13  Drone  
  66  5:16  Extractor, Drone  
  66  5:20  Overlord  
  65  5:25  Overlord  
  60  5:29  Overlord  
  60  5:33  Overlord  
  60  5:35  Overlord  
  59  5:36  Roach x3  
  59  5:39  Roach x2  
  69  5:43  Roach x2  
  69  5:46  Glial Reconstitution  
  69  5:49  Roach x2  
  77  5:51  Drone  
  77  5:52  Drone  
  77  5:56  Roach x2  
  83  5:59  Roach x2  
  87  6:05  Evolution Chamber  
  87  6:06  Drone x3  
  87  6:10  Drone x3  
  92  6:12  Drone  
  92  6:18  Drone x2, Hydralisk Den  
  95  6:20  Drone x2  
  95  6:21  Drone  
  95  6:27  Drone x2  
  95  6:28  Drone  
  96  6:33  Zerg Missile Weapons Level 1  
  95  6:45  Extractor  
  94  6:48  Grooved Spines  
  94  6:51  Hydralisk  
  94  6:52  Hydralisk x4  
  94  6:53  Overlord  
  94  6:54  Overlord  
  104  6:57  Overlord x2  
  104  7:00  Overlord  
  104  7:01  Overlord  
  104  7:03  Overlord  
  104  7:07  Overlord  
  104  7:11  Overlord  
  104  7:15  Hydralisk  
  104  7:16  Hydralisk x3  
  104  7:18  Hydralisk  
  104  7:20  Hydralisk  
  116  7:24  Hydralisk  
  116  7:27  Hydralisk  
  120  7:32  Hydralisk x2  
  124  7:41  Hydralisk x2  
  124  7:42  Hydralisk x2  
  131  7:44  Overlord  
  131  7:49  Overlord  
  131  7:50  Hydralisk x2  
  135  7:53  Zergling x4  
  135  7:55  Zergling x2  
  135  7:56  Zergling x2  
  135  7:57  Ravager  
  140  8:02  Zergling x10  
  145  8:08  Zergling x8  
  145  8:09  Ravager x2  
  151  8:15  Zergling x8  
  151  8:19  Ravager x2  
  155  8:20  Zergling x6  
  155  8:21  Zergling x2  
  155  8:22  Ravager  
  155  8:24  Zergling x2  
  155  8:26  Zergling x2  
  162  8:29  Ravager  
  162  8:30  Zergling x8  
  167  8:36  Zergling x6  
  167  8:40  Zergling x2  
  169  8:41  Overlord  
  169  8:42  Overlord  
  169  8:46  Overlord  
  169  8:48  Overlord  
  164  8:49  Zergling x6  
  145  8:58  Zergling x10  
  145  9:02  Zergling x2  
  120  9:08  Zergling x8  
  105  9:11  Hydralisk x2  
  95  9:17  Hydralisk  
  95  9:23  Hydralisk x2  
  94  9:26  Pneumatized Carapace  
  94  9:28  Hydralisk  
  91  9:31  Hydralisk x3  
  91  9:38  Hydralisk x2  
  94  9:43  Roach x2  
  102  9:46  Roach  
  102  9:49  Roach  
  102  9:51  Roach  
  108  9:54  Roach  
  108  9:55  Roach  
  108  9:57  Roach  
  108  9:58  Roach  
  116  10:00  Roach  
  116  10:03  Roach x2  
  121  10:10  Hydralisk x2  
  121  10:13  Hydralisk  
  127  10:16  Hydralisk  
  127  10:19  Hydralisk  
  131  10:21  Zergling x4  
  131  10:23  Ravager  
  131  10:24  Zergling x4  
  136  10:31  Zergling x10  
  141  10:35  Zergling x2  
  141  10:36  Zergling x4  
  141  10:40  Zergling x6  
  146  10:44  Ravager  
  146  10:45  Ravager x3, Zergling x4  
  146  10:48  Ravager  
  146  10:49  Zergling x2  
  155  10:50  Zergling x4  
  155  10:54  Ravager  
Tags
 
Add a new tag
Caveats
  • Supply blocks, unpowered buildings, or Contaminate may cause inaccurate times.
  • Supply counts are checked every 10 seconds.